 Dungeon Crawl Stone Soup version 0.31-a0-8-gd14b0f4ee2 (webtiles) character file.

Game seed: 13888767742923530022

791 Morbidden the Conjurer (level 7, -3/52 HPs)
             Began as a Barachi Conjurer on May 7, 2023.
             Slain by an ogre
             ... wielding a +0 giant club
              (23 damage)
             ... on level 6 of the Dungeon.
             The game lasted 00:05:48 (5854 turns).

Morbidden the Conjurer (Barachi Conjurer)           Turns: 5854, Time: 00:05:48

Health: -3/52      AC: 10    Str:  8    XL:     7   Next: 88%
Magic:  11/13      EV: 12    Int: 21    God:
Gold:   235        SH:  0    Dex: 10    Spells: 11/14 levels left

rFire   + . .        b - +0 dagger (elec)
rCold   + + .        s - orb {light}
rNeg    + + .        y - +0 robe {rC+ rF+}
rPois   .            o - +2 helmet "Vyxtijos" {rC+}
rElec   .            j - +0 cloak
rCorr   .            t - +2 pair of gloves
SInv    .            k - +0 pair of boots
Will    .....        r - amulet of magic regeneration
Stlth   +            h - ring of positive energy
HPRegen 0.28/turn    n - ring of positive energy
MPRegen 0.53/turn

%: no passive effects
@: glowing, studying Armour, slow
A: amphibious, slowness 1, strong legs 1, +LOS
a: Hop


You were on level 6 of the Dungeon.
You visited 1 branch of the dungeon, and saw 6 of its levels.

You collected 235 gold pieces.

Inventory:

Hand Weapons
 a - a +0 dagger of draining
 b - a +0 dagger of electrocution (weapon)
Missiles
 l - a throwing net
 z - 6 poisoned darts
Armour
 j - a +0 cloak (worn)
 k - a +0 pair of boots (worn)
 o - the +2 helmet "Vyxtijos" (worn) {rC+}
   (You took it off Robin on level 3 of the Dungeon)

   rC:        It protects you from cold.
 s - an orb of light (worn)
 t - a +2 pair of gloves (worn)
 x - a +0 tower shield
 y - a +0 robe of resistance (worn)
Jewellery
 h - a ring of positive energy (left hand)
 n - a ring of positive energy (right hand)
 r - an amulet of magic regeneration (around neck)
Wands
 p - a wand of digging (2)
Scrolls
 d - a scroll of enchant weapon {unknown}
 f - 3 scrolls of identify
 w - a scroll of magic mapping
 B - a scroll of teleportation {unknown}
Potions
 c - a potion of berserk rage {unknown}
 e - a potion of mutation {unknown}
 g - a potion of attraction {unknown}
 i - 2 potions of heal wounds
 m - 2 potions of degeneration {unknown}
 q - a potion of invisibility {unknown}
 u - a potion of cancellation {unknown}
 v - 2 potions of curing {unknown}
 A - a potion of flight {unknown}


   Skills:
 * Level 3.0 Fighting
 * Level 1.9 Short Blades
 * Level 3.6 Armour
 * Level 3.7 Dodging
 + Level 2.1 Stealth
 * Level 0.7 Shields
 * Level 4.4 Spellcasting
 * Level 6.9 Conjurations


You had 11 spell levels left.
You knew the following spells:

 Your Spells              Type           Power      Damage    Failure   Level
a - Magic Dart            Conj           100%       1d8       1%          1
b - Searing Ray           Conj           66%        2d6       1%          2

Your spell library contained the following spells:

 Spells                   Type           Power      Damage    Failure   Level
 Dazzling Flash           Conj/Hex       38%        N/A       9%          3
 Lesser Beckoning         Tloc           8%         N/A       17%         2
 Passwall                 Tmut/Erth      3%         N/A       17%         2
 Fulminant Prism          Conj/Hex       9%         3d7       28%         4
 Iskenderun's Mystic Bla  Conj/Tloc      19%        2d6       28%         4
 Gell's Gravitas          Tloc           4%         N/A       34%         3
 Teleport Other           Tloc           4%         N/A       34%         3
 Animate Armour           Summ/Erth      8%         N/A       75%         4
 Monstrous Menagerie      Summ           2%         N/A       100%        7


Dungeon Overview and Level Annotations

Branches:
Dungeon (6/15)
 Temple: D:4-7

Altars:
Ashenzari
Dithmenos
Kikubaaqudgha
Okawaru
Xom
Zin
The Shining One

Annotations:
D:2 1 runed translucent door, Crazy Yiuf


Innate Abilities, Weirdness & Mutations

You are amphibious.
You cover ground slowly.
You can hop short distances.
You have an extended range of vision and can be seen from far away.


Message History

The centaur is almost dead.
The centaur shoots an arrow.
The arrow hits you.
Unknown command.
The searing ray hits the centaur.
You kill the centaur!
You finish channelling your searing ray.
Your Fighting skill increases to level 3!
Unknown command.
Unknown command.
Unknown command.
As you read the scroll labelled XORUACL ZUGACS, it crumbles to dust.
It is a scroll of identify.
w - 2 scrolls of magic mapping Unknown command.
As you read the scroll of magic mapping, it crumbles to dust.
You feel aware of your surroundings.
You sensed 1 shop/portal.
Unknown command.
Unknown command.
An ogre and a sky beast come into view.
The sky beast flickers out of sight for a moment.
The sky beast barely misses you. The ogre hits you with a +0 giant club!
You are too injured to fight recklessly!
Unknown command.
Unknown command.
Unknown command.
Casting: Searing Ray (safe; 1% risk of failure)
Confirm with . or Enter, or press ? or * to list all spells.
Aiming: Searing Ray (safe; 1% risk of failure)
Press: ? - help, Shift-Dir - straight line, f - ogre
Aim: an ogre, wielding a +0 giant club (haloed, 93% to hit)
The searing ray hits the ogre!
The ogre is moderately wounded. (Press . to maintain the ray.)
The sky beast hits you but does no damage.
Unknown command.
Unknown command.
The searing ray hits the ogre!
The ogre is heavily wounded.
The ogre hits you with a +0 giant club!!
You die...

##.* *,,, #..* #### *,,, #.#*
#..######## *,,, #.#####
#.........##** *,,,
###.....## *...........,*
*,,, *#..<.....#
*#..........,** **,*
#..#......#####..........,,*
***
.#*#.........##YO........,,**
** **
##.)....#....@........,,,*
**, *
#......####..........,,,***,*
##......# ##.........,,,**,,*
##<...## ##........,,,*,,**
#...## *##......,,,,,** ##.##
*##....,,,,** ### *##..,**,*
* **#***,* * *,*


You could see a sky beast (invisible) and an ogre.

Vanquished Creatures
  3 centaurs
  A scorpion (D:4)
  2 jellies (D:5)
  3 hounds
  2 orc priests (D:5)
  Terence (D:3)
  An iguana (D:5)
  An orc wizard (D:4)
  Robin (D:3)
  A gnoll (D:3)
  8 adders
  An ufetubus (D:5)
  A worm (D:4)
  3 dart slugs
  11 orcs
  5 endoplasms
  4 giant cockroaches
  19 goblins
  6 hobgoblins
  9 kobolds
  2 quokkas
  6 ball pythons
  9 bats
  4 frilled lizards
  5 rats
109 creatures vanquished.

Notes
Turn   | Place    | Note
-------+----------+-------------------------------------------
     0 | D:1      | Morbidden the Barachi Conjurer began the quest for the Orb.
     0 | D:1      | Reached XP level 1. HP: 13/13 MP: 3/3
   235 | D:1      | Reached XP level 2. HP: 19/19 MP: 3/5
   560 | D:1      | Got the Secrets of Teratogeny and the Band
  1003 | D:2      | Reached XP level 3. HP: 24/24 MP: 0/6
  1006 | D:2      | Learned a level 2 spell: Searing Ray
  1130 | D:2      | Reached skill level 5 in Conjurations
  1186 | D:2      | Found a shimmering altar of Xom.
  1818 | D:2      | Reached skill level 1 in Armour
  1915 | D:2      | Found a runed translucent door.
  1916 | D:2      | Noticed Crazy Yiuf
  2165 | D:3      | Reached XP level 4. HP: 31/31 MP: 5/7
  2229 | D:3      | Identified the +2 helmet "Vyxtijos" {rC+}
  2229 | D:3      | Noticed Robin
  2379 | D:3      | Killed Robin
  2380 | D:3      | Reached skill level 1 in Fighting
  3329 | D:3      | Reached XP level 5. HP: 37/37 MP: 4/9
  3432 | D:3      | Noticed Terence
  3442 | D:3      | Killed Terence
  3723 | D:4      | Reached XP level 6. HP: 39/44 MP: 0/11
  4112 | D:4      | Found a shadowy altar of Dithmenos.
  4114 | D:4      | Found a glowing golden altar of the Shining One.
  4114 | D:4      | Found a glowing silver altar of Zin.
  4624 | D:4      | Found a broken altar of Ashenzari.
  4643 | D:4      | Reached skill level 6 in Conjurations
  5009 | D:5      | Entered Level 5 of the Dungeon
  5054 | D:5      | Found an ancient bone altar of Kikubaaqudgha.
  5063 | D:5      | Reached skill level 1 in Short Blades
  5107 | D:5      | Reached XP level 7. HP: 36/51 MP: 1/12
  5268 | D:5      | Found an iron altar of Okawaru.
  5854 | D:6      | Slain by an ogre

Illustrated notes

Levels and vault maps discovered:
D:1:      psy_arrival_terrarium, layout_loops_ring
D:2:      layout_basic, basic_altar, uniq_crazy_yiuf_cottage
D:3:      layout_rooms, uniq_terence, uniq_robin
D:4:      layout_loops_ring, grunt_temple_overflow_open,
          mainiacjoe_overflow_alcove_2, hangedman_decor_points
D:5:      layout_gridville, mainiacjoe_overflow_concentric_impassable,
          mainiacjoe_overflow_cross_hatched, minmay_manual_mares
D:6:      layout_cave_pods, ebering_ghost_sewer_f, portal_sewer_entry_e,
          kennysheep_generic_room_4

Skill      XL: |  1  2  3  4  5  6  7 |
---------------+----------------------+-----
Conjurations   | 5 6 |  6.9
Armour         | 1 2 3 |  3.6
Fighting       | 1 2 3 |  3.0
Dodging        | 3 |  3.7
Stealth        | 2 |  2.1
Spellcasting   | 3 4 |  4.4
Short Blades   | 1 |  1.9
Shields        | |  0.7

Action                     |  1- 3 |  4- 6 |  7- 9 || total
---------------------------+-------+-------+-------++-------
  Melee: Unarmed           |     8 |     4 |       ||    12
         Dagger            |       |    40 |     2 ||    42
   Cast: Magic Dart        |    63 |   132 |    16 ||   211
         Searing Ray       |     1 |     6 |    10 ||    17
Ability: Hop               |       |       |     2 ||     2
    Use: Scroll            |       |       |     2 ||     2
         Potion            |       |       |     2 ||     2
 Armour: Robe              |     2 |     1 |    18 ||    21
         Leather armour    |     2 |    27 |       ||    29
  Dodge: Dodged            |     5 |    39 |    23 ||    67

Table legend: (Time is in decaauts)
 A = Elapsed time spent in this place.
 B = Non-inter-level travel time spent in this place.
 C = Inter-level travel time spent in this place.
 D = Time resting spent in this place.
 E = Time spent auto-exploring this place.
 F = Levels seen in this place.
 G = Mean time per level.
                   A        B        C        D        E       F      G
               +--------+--------+--------+--------+--------+-----+--------+
         Total |   6475 |   6012 |    463 |    477 |   4802 |   6 | 1079.2 |
       Dungeon |   6475 |   6012 |    463 |    477 |   4802 |   6 | 1079.2 |
               +--------+--------+--------+--------+--------+-----+--------+

Top non-repeatable levels by time:
     D:2: 1846 daAuts
     D:4: 1510 daAuts
     D:3: 1257 daAuts
     D:1: 1044 daAuts
     D:5: 792 daAuts
     D:6: 23 daAuts
